[Event "Team 45 45 League T51"]
[Site "Internet Chess Club"]
[Date "2011.11.12"]
[Round "1"]
[White "julesraider"]
[Black "philosopherking"]
[Result "0-1"]
[WhiteElo "1510"]
[BlackElo "1494"]
[Opening "QGD"]
[ECO "D30"]
[Time "15:00:04"]
[TimeControl "2700+45"]

1. d4 d5 2. c4 e6 3. Nf3 Nf6 4. Bg5 Nbd7 5. e3 c6 6. cxd5 exd5 7. Bd3 Bb4+ 8.
Nbd2 O-O 9. O-O Re8 10. a3 Bd6 11. Qc2 h6 12. Bh4 Qb6 13. b4 a5 14. b5 cxb5 15.
Rfb1 Qc6 16. Rxb5 Qxc2 17. Bxc2 b6 18. Bxf6 gxf6 19. Rxd5 Be7 20. Ba4 Rd8 21.
Bb5 Nf8 22. Rh5 Bg4 23. Rxh6 Kg7 24. Rh4 f5 25. Rxg4+ fxg4 26. Ne5 f5 27. Ndc4
Bg5 28. Nxb6 Rab8 29. Nec4 Ne6 30. d5 Nc7 31. Bc6 Be7 32. a4 Bc5 33. Rb1 Nxd5
34. Bxd5 Rxd5 35. Kf1 Bxb6 36. Rxb6 Rxb6 37. Nxb6 Rc5 38. f3 Kf7 39. fxg4 fxg4
40. Kf2 Ke6 41. Kg3 Rc6 42. Na8 Rc4 43. Nb6 Re4 44. Kf2 Kd6 45. Ke2 Kc6 46. Kd3
Rb4 47. Nc4 Rxa4 48. Ne5+ Kd5 49. Ng6 Rb4 50. Nf4+ Ke5 51. Ne2 Rb2 52. h4 a4 53.
h5 a3 54. h6 a2 55. h7 Rb8 56. Nd4 a1=Q 57. Nc6+ Kd6 58. Nxb8 Qh8 59. Na6 Qxh7+
60. Ke2 Qb7 61. Kf2 Qxa6 62. Kg3 Qe2 63. e4 Ke5 64. Kh2 Kxe4 65. Kh1 g3 66. Kg1
Qe1# {White checkmated} 0-1

[Event "Team 45 45 League T51"]
[Site "Internet Chess Club"]
[Date "2011.11.10"]
[Round "1"]
[White "Kingofknights"]
[Black "justice02"]
[Result "1/2-1/2"]
[WhiteElo "1761"]
[BlackElo "1770"]
[Opening "Dutch: Leningrad variation"]
[ECO "A86"]
[Time "21:30:11"]
[TimeControl "2700+45"]

1. d4 f5 2. c4 Nf6 3. g3 g6 4. Bg2 Bg7 5. Qb3 c6 6. Nc3 O-O 7. c5+ e6 8. Nf3 Na6
9. Bf4 Nc7 10. Bd6 Re8 11. O-O Ncd5 12. e3 Nxc3 13. bxc3 Ne4 14. Bf4 g5 15. Rfd1
gxf4 16. exf4 Qa5 17. Rac1 b6 18. Ne5 Bxe5 19. fxe5 Ng5 20. f4 Nf7 21. Qc4 Ba6
22. Qb4 Qxb4 23. cxb4 bxc5 24. dxc5 Red8 25. Rd2 Kf8 26. Rd4 Rab8 27. Rcd1 Ke7
28. R1d2 Nh6 29. h3 Bb5 30. Bf3 Ra8 31. Bd1 Ba6 32. a4 Bb7 33. a5 Ba6 34. Kf2
Rab8 35. Kf3 Nf7 36. Kf2 Nh8 37. h4 Ng6 38. h5 Nh8 39. Bc2 Nf7 40. g4 fxg4 41.
Bxh7 Nh6 42. Bg6 Nf5 43. Bxf5 exf5 44. h6 Rb7 45. Kg3 Rh8 46. Rh2 Rbb8 47. Rhd2
Rbd8 48. Rd6 Bc4 49. Rf6 Be6 50. Kh4 a6 51. Rh2 Rb8 52. Rb2 Rbf8 53. Rxf8 Rxf8
54. Rh2 Kf7 55. Kh5 Rh8 56. Kg5 Rg8+ 57. Kh5 Bd5 58. h7 Rh8 59. Kh6 g3 60. Rh5
Be4 61. Rg5 g2 62. Rg7+ Ke6 63. Rg3 Kd5 64. Kg7 Rxh7+ 65. Kxh7 Kc4 66. Kg7 Kxb4
67. Kf6 Kxc5 68. Ke7 Kb5 69. Kxd7 c5 70. e6 c4 71. e7 Bc6+ 72. Kd8 c3 73. Rxg2
Kxa5 74. e8=Q Bxe8 75. Kxe8 Kb4 76. Ke7 Kb3 77. Ke6 c2 78. Rxc2 Kxc2 79. Kxf5 a5
80. Ke6 a4 81. f5 a3 82. f6 a2 83. f7 a1=Q 84. f8=Q {Game drawn by mutual
agreement} 1/2-1/2

[Event "Team 45 45 League T51"]
[Site "Internet Chess Club"]
[Date "2011.11.09"]
[Round "1"]
[White "ScotchYeti"]
[Black "KnightOfCydonia"]
[Result "1-0"]
[WhiteElo "1671"]
[BlackElo "1701"]
[Opening "Sicilian: Richter-Rauzer"]
[ECO "B60"]
[Time "15:00:31"]
[TimeControl "2700+45"]

1. e4 c5 2. Nf3 Nc6 3. d4 cxd4 4. Nxd4 Nf6 5. Nc3 d6 6. Bg5 Qa5 7. Bb5 Bd7 8.
Nb3 Qc7 9. Nd5 Nxd5 10. exd5 Ne5 11. Bxd7+ Qxd7 12. O-O h6 13. Be3 g5 14. Qe2
Bg7 15. c3 a6 16. f4 Qg4 17. Rae1 gxf4 18. Bxf4 Qxe2 19. Rxe2 O-O 20. Nd4 Ng6
21. Bc1 Bxd4+ 22. cxd4 Kg7 23. g3 Rac8 24. h4 h5 25. Kg2 Rc4 26. b3 Rc7 27. Bd2
Rfc8 28. Ref2 f6 29. Rf5 Rc2 30. R1f2 Nh8 31. Rxh5 Nf7 32. Rhf5 Rxa2 33. R5f4
Rcc2 34. Be1 Rxf2+ 35. Rxf2 Rxf2+ 36. Kxf2 f5 37. Kf3 Kf6 38. Bd2 e6 39. dxe6
Kxe6 40. Kf4 Nh6 41. Ke3 Ng8 42. Kd3 Nf6 43. Bf4 Kd5 44. Bd2 Nh5 45. Be1 b5 46.
Ke3 Ng7 47. Bc3 Ne6 48. h5 Nf8 49. Kf4 Ke6 50. d5+ Kf7 51. Kxf5 Nd7 52. h6 Kg8
53. g4 Kh7 54. g5 Nc5 55. b4 Nd7 56. Ke6 Nf8+ 57. Kxd6 Kg6 58. Bd2 Kf7 59. Kc6
Ke7 60. Bf4 Ng6 61. h7 Kf7 62. Be3 Kg7 63. Kb6 Kxh7 64. Kxa6 Ne5 65. Kxb5 Kg6
66. Kc5 Kf7 67. b5 Ke8 68. b6 Kd7 69. Kd4 Ng6 70. Kc5 Kc8 71. Kd6 Kb7 72. Ke6
Nf8+ 73. Kf7 Nd7 74. Bd4 Kc8 75. g6 Kd8 76. g7 Ne5+ 77. Bxe5 Kd7 78. Ba1 Kd6 79.
g8=Q {Black resigns} 1-0

[Event "Team 45 45 League T51"]
[Site "Internet Chess Club"]
[Date "2011.11.13"]
[Round "1"]
[White "LanceLegal"]
[Black "elessar"]
[Result "0-1"]
[WhiteElo "1441"]
[BlackElo "1603"]
[Opening "Petrov: Cozio (Lasker) attack"]
[ECO "C42"]
[Time "13:30:38"]
[TimeControl "2700+45"]

1. e4 e5 2. Nf3 Nf6 3. Nxe5 d6 4. Nf3 Nxe4 5. Qe2 Qe7 6. d3 Nf6 7. Bg5 Qxe2+ 8.
Bxe2 Be7 9. Nc3 c6 10. h3 Na6 11. a3 Nc7 12. d4 Bf5 13. O-O-O Nfd5 14. Bxe7 Nxe7
15. g4 Be6 16. Ng5 Ned5 17. Nce4 Kd7 18. Nxe6 Nxe6 19. Rhe1 Ndf4 20. Bf1 d5 21.
Nc3 Rae8 22. Re3 f6 23. b4 Nc7 24. a4 h5 25. gxh5 Rxh5 26. Rxe8 Nxe8 27. b5 Nd6
28. Re1 Nxh3 29. Be2 Rg5 30. f3 Rg1 31. Rxg1 Nxg1 32. Kd2 Nxe2 33. bxc6+ bxc6
34. Nxe2 g5 35. Ng3 f5 36. Kd3 Ke6 37. Kc3 a5 38. Kd3 f4 39. Nf1 Nc4 40. Kc3 Kf5
41. Nd2 Nxd2 42. Kxd2 g4 43. Ke2 g3 44. c3 Kg5 45. Kf1 Kh5 46. Kg1 Kg5 47. Kf1
Kh4 48. Kg2 Kg5 49. Kh3 Kh5 50. Kg2 Kh4 51. Kh1 Kh3 52. Kg1 g2 {White resigns}
0-1

[Event "Team 45 45 League T51"]
[Site "Internet Chess Club"]
[Date "2011.11.12"]
[Round "1"]
[White "cepheid"]
[Black "j4ucgantp"]
[Result "1-0"]
[WhiteElo "1539"]
[BlackElo "1574"]
[Opening "Scotch gambit: Benima defense"]
[ECO "C44"]
[Time "17:00:29"]
[TimeControl "2700+45"]

1. e4 e5 2. Nf3 Nc6 3. d4 exd4 4. Bc4 Be7 5. c3 d6 6. cxd4 Bg4 7. Be3 Nf6 8. Nc3
O-O 9. O-O Na5 10. Be2 Nc6 11. a3 a6 12. b4 b5 13. Qc2 Qd7 14. Rfc1 Na7 15. e5
dxe5 16. dxe5 Bf5 17. Qd1 Qxd1+ 18. Rxd1 Ng4 19. Bf4 f6 20. h3 Nxe5 21. Nxe5
fxe5 22. Bxe5 Bf6 23. Bxf6 Rxf6 24. Nd5 Rf7 25. Ne3 Re8 26. Bh5 g6 27. Nxf5 Rxf5
28. Bf3 Rf6 29. Rd7 Rf7 30. Bd5 Rf8 31. Rxc7 Nc8 32. Bxf7+ Rxf7 33. Rxc8+ Kg7
34. Rac1 Rf4 35. R8c7+ Kh6 36. R7c6 a5 37. bxa5 Ra4 38. a6 Rxa3 39. Rb1 Ra5 40.
Rb6 {Black resigns} 1-0

[Event "Team 45 45 League T51"]
[Site "Internet Chess Club"]
[Date "2011.11.12"]
[Round "1"]
[White "Dracoac"]
[Black "Portola"]
[Result "0-1"]
[WhiteElo "1601"]
[BlackElo "1785"]
[Opening "Catalan: closed, 5.Nf3"]
[ECO "E06"]
[Time "20:24:43"]
[TimeControl "2700+45"]

1. Nf3 d5 2. d4 Nf6 3. c4 e6 4. g3 Be7 5. Bg2 O-O 6. O-O b6 7. cxd5 exd5 8. Nc3
Bb7 9. Bf4 c6 10. Qc2 Nbd7 11. Rac1 Rc8 12. Rfd1 c5 13. dxc5 bxc5 14. Qb3 Nb6
15. Ne5 Ba8 16. Nb5 a6 17. Na7 c4 18. Qe3 Bc5 19. Qc3 Rc7 20. Qa5 Bxf2+ 21. Kxf2
Rxa7 22. Be3 Rb7 23. Kg1 Nbd7 24. Qxd8 Rxd8 25. Nc6 Re8 26. Bd4 Rc7 27. Nb4 a5
28. Bxf6 Nxf6 29. Nxd5 Nxd5 30. Bxd5 Bxd5 31. Rxd5 Rb7 32. Rxc4 Rxb2 33. Re4 Ra8
34. Rxa5 Rc8 35. Re7 Rf8 36. Kf2 g6 37. Kf3 Kg7 38. Re4 Rd8 39. Rf4 Rd7 40. a4
Re7 41. Re4 Rxe4 42. Kxe4 Rxe2+ 43. Kf3 Rxh2 44. Ra8 Ra2 45. a5 Ra4 46. a6 h5
47. a7 g5 48. Ke3 f5 49. Kd3 h4 50. gxh4 gxh4 51. Kc3 h3 52. Kb3 Ra6 53. Kb4 h2
54. Kb5 Ra1 55. Kb6 h1=Q 56. Rb8 Qg1+ 57. Kc6 Rxa7 58. Rb3 Qg2+ 59. Kd6 Ra6+ 60.
Ke5 Qe4# {White checkmated} 0-1

[Event "Team 45 45 League T51"]
[Site "Internet Chess Club"]
[Date "2011.11.15"]
[Round "1"]
[White "rubo"]
[Black "moomaster"]
[Result "0-1"]
[WhiteElo "1666"]
[BlackElo "1598"]
[Opening "Sicilian: Smith-Morra gambit"]
[ECO "B21"]
[Time "20:02:04"]
[TimeControl "2700+45"]

1. e4 c5 2. d4 cxd4 3. c3 dxc3 4. Nxc3 Nc6 5. Nf3 e6 6. Bc4 Nf6 7. O-O Qc7 8.
Nb5 Qb8 9. Qe2 a6 10. Nc3 b5 11. Bb3 Bd6 12. h3 O-O 13. Bg5 Nh5 14. Rfe1 Nf4 15.
Bxf4 Bxf4 16. e5 Bb7 17. Qe4 Nxe5 18. Bd5 Nxf3+ 19. Qxf3 exd5 20. Nxd5 Bxd5 21.
Qxd5 Qd6 22. Qe4 Qf6 23. Re2 Rad8 24. Rd1 h6 25. Qd5 Rfe8 26. Rde1 Rxe2 27. Rxe2
Qc6 28. Qd1 Rc8 29. g3 Bg5 30. h4 Bf6 31. Kh2 d5 32. b3 d4 33. Qd3 Rd8 34. Rc2
Qd5 35. Kg1 g6 36. Kh2 Qf5 37. Rd2 Qxd3 38. Rxd3 Kf8 39. Kg2 Rc8 40. Rd2 Ke7 41.
f4 Ke6 42. Kf3 Rc3+ 43. Kf2 Kd5 44. Kg2 Ke4 45. Kf2 d3 46. Ke1 Rc2 47. a4 bxa4
48. bxa4 Bc3 {White resigns} 0-1

[Event "Team 45 45 League T51"]
[Site "Internet Chess Club"]
[Date "2011.11.13"]
[Round "1"]
[White "nosir"]
[Black "g8wrb"]
[Result "1-0"]
[WhiteElo "1526"]
[BlackElo "1425"]
[Opening "Queen's pawn game"]
[ECO "A46"]
[Time "14:30:29"]
[TimeControl "2700+45"]

1. d4 Nf6 2. Nf3 e6 3. Bf4 b6 4. e3 Ba6 5. Be2 Bd6 6. Bxd6 cxd6 7. Nbd2 Qc8 8.
Rc1 O-O 9. O-O Re8 10. c4 e5 11. d5 e4 12. Nd4 Qb7 13. Qc2 Nxd5 14. Nxe4 Nb4 15.
Qb3 Rxe4 16. Qxb4 Nc6 17. Qd2 Rae8 18. Bf3 Rh4 19. Nf5 Rxc4 20. Nxd6 Rxc1 21.
Rxc1 Qb8 22. Nxe8 Qxe8 23. Rd1 Bc8 24. Bg4 Ne5 25. Bh3 Qe7 26. Qd5 g6 27. Qa8
Qd8 28. Qxa7 Qh4 29. Qxb6 Nf3+ 30. gxf3 Qxh3 31. Qd8+ {Black resigns} 1-0

[Event "Team 45 45 League T51"]
[Site "Internet Chess Club"]
[Date "2011.11.11"]
[Round "1"]
[White "AtomicDog"]
[Black "Luckydawg"]
[Result "0-1"]
[WhiteElo "1424"]
[BlackElo "1440"]
[Opening "Alekhine's defense: modern, Larsen variation"]
[ECO "B04"]
[Time "08:01:13"]
[TimeControl "2700+45"]

1. e4 Nf6 2. e5 Nd5 3. d4 d6 4. Nf3 dxe5 5. Nxe5 c6 6. Be2 Nd7 7. Nf3 g6 8. O-O
Bg7 9. c3 O-O 10. Be3 N7f6 11. h3 Qc7 12. c4 Nxe3 13. fxe3 Bxh3 14. gxh3 Qg3+
15. Kh1 Qxh3+ 16. Kg1 Bh6 17. Qd3 Qg3+ 18. Kh1 Ng4 19. Qc3 Qh3+ 20. Kg1 Bxe3+
{White resigns} 0-1

[Event "Team 45 45 League T51"]
[Site "Internet Chess Club"]
[Date "2011.11.12"]
[Round "1"]
[White "kidviper"]
[Black "katikus"]
[Result "1-0"]
[WhiteElo "1976"]
[BlackElo "1762"]
[Opening "QGD semi-Slav: 5...Nd7"]
[ECO "D45"]
[Time "09:03:17"]
[TimeControl "2700+45"]

1. d4 d5 2. Nf3 c6 3. c4 Nf6 4. Nc3 e6 5. e3 Nbd7 6. a4 a6 7. Bd3 Bd6 8. O-O O-O
9. e4 dxe4 10. Nxe4 Nxe4 11. Bxe4 Nf6 12. Bc2 c5 13. Be3 Qc7 14. Qd3 h6 15. h3
b6 16. Nd2 Bb7 17. f3 Rfd8 18. Qc3 cxd4 19. Bxd4 Bc5 20. Bxc5 Qxc5+ 21. Rf2 Rac8
22. b4 Qd6 23. Qb3 Qd4 24. Rd1 Qf4 25. Bd3 Qd4 26. Be2 Qf4 27. Nb1 Qc7 28. Rff1
Rxd1 29. Rxd1 Rd8 30. Nc3 Rxd1+ 31. Qxd1 Qd7 32. Qxd7 Nxd7 33. Ne4 Bxe4 34. fxe4
Kf8 35. Kf2 Ke7 36. Ke3 Kd6 37. Kd4 g6 38. e5+ Nxe5 39. c5+ bxc5+ 40. bxc5+ Kc6
41. Kxe5 Kxc5 42. Bxa6 {Black resigns} 1-0

[Event "Team 45 45 League T51"]
[Site "Internet Chess Club"]
[Date "2011.11.13"]
[Round "1"]
[White "AVEMARIA"]
[Black "RD1974"]
[Result "0-1"]
[WhiteElo "1643"]
[BlackElo "1720"]
[Opening "Scandinavian: Pytel-Wade variation"]
[ECO "B01"]
[Time "19:00:53"]
[TimeControl "2700+45"]

1. e4 d5 2. exd5 Qxd5 3. Nc3 Qd6 4. d4 Nf6 5. Nf3 a6 6. Be2 Nc6 7. a3 Bg4 8. Be3
e6 9. h3 Bf5 10. O-O Be7 11. Bd3 Bg6 12. Qe2 Bxd3 13. Qxd3 O-O 14. Rfe1 Rfe8 15.
Ne4 Qd8 16. Rad1 Qd5 17. Bf4 Nxe4 18. Qxe4 Qxe4 19. Rxe4 Bd6 20. Ne5 Ne7 21. c4
Rad8 22. c5 Bxc5 23. Nc4 Bd6 24. Bxd6 cxd6 25. Na5 d5 26. Re2 b6 27. Nb3 Rc8 28.
Nc1 Nf5 29. g4 Nd6 30. Nd3 a5 31. Nf4 g6 32. Kg2 Kf8 33. Nd3 Rc4 34. Ne5 Rc7 35.
g5 Rec8 36. f3 Kg7 37. Kf2 Nf5 38. Rdd2 h6 39. f4 Nd6 40. gxh6+ Kxh6 41. Kf3 Nc4
42. Ng4+ Kg7 43. Rd1 b5 44. Rg1 b4 45. axb4 axb4 46. h4 Rh8 47. Rh2 Rh5 48. Ne3
Rc8 49. Nxc4 dxc4 50. Rc1 Kf6 51. Ke4 Ke7 52. Rh3 Kd6 53. Rg1 c3 54. Rc1 c2 55.
Rb3 Rxh4 56. Rxb4 f5+ 57. Kf3 Rh2 58. b3 Rc3# {White checkmated} 0-1

[Event "Team 45 45 League T51"]
[Site "Internet Chess Club"]
[Date "2011.11.15"]
[Round "1"]
[White "kidcobra"]
[Black "Warpdrive"]
[Result "0-1"]
[WhiteElo "1593"]
[BlackElo "1605"]
[Opening "Caro-Kann: advance variation"]
[ECO "B12"]
[Time "17:21:31"]
[TimeControl "2700+45"]

1. e4 c6 2. d4 d5 3. e5 Bf5 4. Bd3 Bg6 5. Bxg6 hxg6 6. e6 fxe6 7. Qg4 Kd7 8. Nf3
Qc7 9. Ne5+ Kc8 10. Nxg6 Rxh2 11. Rxh2 Qxh2 12. Bf4 Qg1+ 13. Ke2 Nf6 14. Qxe6+
Kd8 15. Bxb8 Rxb8 16. Nxf8 Qc1 17. Qe5 Rc8 18. Ne6+ Ke8 19. Nxg7+ Kf7 20. Nf5
Re8 21. Nd6+ exd6 22. Qxe8+ Kxe8 23. a4 Qxb2 24. Ra3 Qxb1 25. Re3+ Kd7 26. Kf3
Qxc2 27. g4 Qd1+ 28. Kg2 Qxg4+ 29. Rg3 Qxd4 30. Rg7+ Ke6 31. a5 Qg4+ 32. Rxg4
Nxg4 33. f3 Ne3+ 34. Kf2 d4 35. Ke2 b5 36. a6 b4 37. Kd2 b3 38. Kc1 d3 39. f4
b2+ 40. Kd2 b1=Q 41. f5+ Nxf5 42. Kc3 Qc2+ 43. Kb4 d2 44. Ka3 d1=Q 45. Kb4 Qdb1+
46. Ka5 Qca2# {White checkmated} 0-1

[Event "Team 45 45 League T51"]
[Site "Internet Chess Club"]
[Date "2011.11.10"]
[Round "1"]
[White "tightfist"]
[Black "chicopee-ed"]
[Result "1-0"]
[WhiteElo "1600"]
[BlackElo "1349"]
[Opening "Grünfeld: 5.e3"]
[ECO "D94"]
[Time "09:02:30"]
[TimeControl "2700+45"]

1. c4 Nf6 2. d4 g6 3. Nc3 d5 4. e3 Bg7 5. Nf3 O-O 6. cxd5 Nxd5 7. Qb3 Nxc3 8.
bxc3 Nd7 9. g3 Nb6 10. Bg2 e6 11. O-O c6 12. a4 Nd7 13. Ba3 Re8 14. Rfd1 b6 15.
Ne5 Bxe5 16. dxe5 Qg5 17. Bxc6 Rb8 18. Bxd7 Bb7 19. Rd4 Qxe5 20. Bxe8 Qh5 21.
Bxf7+ Kxf7 22. Rd7+ Kf6 23. Rxb7 Rxb7 24. Rd1 Rc7 25. Bb2 Ke7 26. Kg2 Qg5 27.
Qb4+ Kf7 28. Qf4+ Qxf4 29. exf4 Re7 30. c4 Rc7 31. Rd4 Re7 32. Ba3 Rc7 33. Kf3
Kf6 34. g4 Kf7 35. h4 Kf6 36. Ke4 h6 37. g5+ Kg7 38. Ke5 h5 39. Kxe6 Rf7 40. Rd7
{Black resigns} 1-0

[Event "Team 45 45 League T51"]
[Site "Internet Chess Club"]
[Date "2011.11.11"]
[Round "1"]
[White "Giacometti"]
[Black "rahulr"]
[Result "1-0"]
[WhiteElo "1646"]
[BlackElo "1660"]
[Opening "Bird's opening"]
[ECO "A02"]
[Time "19:00:12"]
[TimeControl "2700+45"]

1. f4 Nf6 2. Nf3 e6 3. d3 b6 4. e4 Bb7 5. Be2 Bc5 6. d4 Be7 7. e5 Nd5 8. O-O c5
9. c4 Nb4 10. a3 N4c6 11. d5 exd5 12. cxd5 Nd4 13. Nxd4 cxd4 14. d6 Bf8 15. Qxd4
Nc6 16. Qc3 Rc8 17. Qg3 Nd4 18. Qd3 Rc2 19. Nd2 Nxe2+ 20. Qxe2 Qc8 21. Qe3 g6
22. Nf3 Bg7 23. Rf2 O-O 24. Rxc2 Qxc2 25. Qd2 Rc8 26. Qxc2 Rxc2 27. Be3 Rxb2 28.
Rc1 Rb3 29. Kf2 Rxa3 30. Rc7 Bc6 31. Nd4 Ra2+ 32. Ke1 Bxg2 33. Rxd7 Bh3 34. Rd8+
Bf8 35. d7 Bxd7 36. Rxd7 a5 37. e6 fxe6 38. Nxe6 Bb4+ 39. Kf1 Bc3 40. Bxb6 Rxh2
41. Ra7 Ra2 42. f5 gxf5 43. Be3 a4 44. Bh6 a3 45. Ng5 Ra1+ 46. Ke2 Re1+ 47. Kd3
Bb2 48. Ra8+ Re8 49. Rxe8# {Black checkmated} 1-0

[Event "Team 45 45 League T51"]
[Site "Internet Chess Club"]
[Date "2011.11.13"]
[Round "1"]
[White "Zugzwanged"]
[Black "nursey"]
[Result "1-0"]
[WhiteElo "1679"]
[BlackElo "1544"]
[Opening "French: Tarrasch, closed variation"]
[ECO "C05"]
[Time "16:15:37"]
[TimeControl "2700+45"]

1. e4 e6 2. d4 d5 3. Nd2 Nf6 4. e5 Nfd7 5. Bd3 c5 6. c3 Nc6 7. Ngf3 c4 8. Bc2 f6
9. exf6 gxf6 10. O-O Bg7 11. Re1 e5 12. dxe5 fxe5 13. Nxe5 Ndxe5 14. f4 Qb6+ 15.
Kh1 O-O 16. fxe5 Nxe5 17. Qh5 Qc7 18. Qxh7+ Kf7 19. Rf1+ Ke8 20. Rxf8+ Kxf8 21.
b3 Qa5 22. b4 Qc7 23. Ba3 b5 24. Rf1+ Nf7 25. Nf3 {Black resigns} 1-0

[Event "Team 45 45 League T51"]
[Site "Internet Chess Club"]
[Date "2011.11.13"]
[Round "1"]
[White "Kristian1974"]
[Black "Euclid"]
[Result "0-1"]
[WhiteElo "1584"]
[BlackElo "1640"]
[Opening "Bird's opening"]
[ECO "A03"]
[Time "15:00:12"]
[TimeControl "2700+45"]

1. f4 d5 2. Nf3 Nf6 3. e3 g6 4. Be2 Bg7 5. O-O c5 6. d3 O-O 7. Nc3 Nc6 8. Qe1 d4
9. Ne4 Qb6 10. Nxf6+ exf6 11. e4 f5 12. Qh4 Nb4 13. Bd1 c4 14. a3 cxd3 15. axb4
dxc2 16. Bxc2 d3+ 17. Qf2 Qxf2+ 18. Rxf2 fxe4 19. Bxd3 exd3 20. Be3 a6 21. b5 a5
22. b6 Bf5 23. Rd2 Rfe8 24. Kf2 Bf8 25. Rc1 Bb4 26. Rdd1 Rac8 27. Rc7 Bd6 28.
Rxb7 Rc2+ 29. Rd2 Rxe3 30. Rxc2 Rxf3+ 31. Kxf3 dxc2 32. Ra7 c1=Q {White resigns}
0-1

[Event "Team 45 45 League T51"]
[Site "Internet Chess Club"]
[Date "2011.11.12"]
[Round "1"]
[White "Zumbi"]
[Black "kasperloff"]
[Result "1/2-1/2"]
[WhiteElo "2176"]
[BlackElo "1978"]
[Opening "Caro-Kann: advance variation"]
[ECO "B12"]
[Time "10:06:29"]
[TimeControl "2700+45"]

1. e4 c6 2. d4 d5 3. e5 Bf5 4. Nf3 e6 5. Be2 c5 6. Be3 cxd4 7. Nxd4 Ne7 8. Bg5
Qa5+ 9. c3 Bg6 10. Qb3 Qb6 11. Qxb6 axb6 12. Nb5 Kd7 13. Nd2 Nbc6 14. Bf4 Nc8
15. O-O Be7 16. Rfd1 Bc2 17. Rdc1 Bg6 18. Nf3 N8a7 19. Rd1 Nxb5 20. Bxb5 Kc7 21.
b4 Ra3 22. c4 Nxb4 23. cxd5 Nxd5 24. Bg3 Rd8 25. Rdc1+ Kb8 26. Bh4 Rc8 27. Bc4
Bxh4 28. Nxh4 Nc3 29. Bf1 Rxa2 30. Nxg6 hxg6 31. h4 Rxa1 32. Rxa1 Rc5 33. f4 Nd5
34. g3 Rc2 35. Ra3 Rc3 36. Rxc3 Nxc3 37. Bd3 Kc7 38. Kf2 Kc6 39. Ke3 Kc5 40. g4
b5 41. f5 gxf5 42. gxf5 exf5 43. Bxf5 b4 44. e6 fxe6 45. Bxe6 Nd5+ 46. Ke4 Nc3+
47. Kf5 Kd6 48. Bb3 Ke7 49. Ke5 Nb5 50. Kd5 Nd6 51. Kc5 Nf5 52. Kxb4 Nxh4 53.
Bd5 b6 54. Kb5 Kd6 55. Be4 Kc7 56. Kc4 g6 57. Kd4 Nf5+ 58. Ke5 b5 59. Kf6 Kd6
60. Kxg6 Nd4 61. Kf6 b4 62. Bh7 b3 63. Bg6 Nc2 64. Kg5 Ke5 65. Bf7 b2 66. Ba2
Nd4 67. Bb1 Ne2 68. Kg4 Kd4 69. Kf3 Nc3 70. Bc2 Nd1 71. Ke2 {Game drawn by
mutual agreement} 1/2-1/2

[Event "Team 45 45 League T51"]
[Site "Internet Chess Club"]
[Date "2011.11.13"]
[Round "1"]
[White "OpeningsMaster"]
[Black "grabuark"]
[Result "0-1"]
[WhiteElo "1799"]
[BlackElo "2080"]
[Opening "King's Indian: London system"]
[ECO "A48"]
[Time "16:00:18"]
[TimeControl "2700+45"]

1. d4 Nf6 2. Nf3 g6 3. Bf4 Bg7 4. c3 d6 5. Qc1 Nbd7 6. Bh6 O-O 7. h4 Bxh6 8.
Qxh6 Ng4 9. Qg5 Ndf6 10. Nbd2 h6 11. Qf4 c6 12. Ne4 Nh5 13. Qc1 f5 14. Ned2 f4
15. Nc4 b5 16. Na3 e5 17. e4 fxe3 18. fxe3 e4 19. Nd2 Ng3 20. Rh3 Nxe3 21. Be2
Nxg2+ 22. Kd1 Bxh3 23. Nxe4 Nxe4 24. Qxh6 {White resigns} 0-1

[Event "Team 45 45 League T51"]
[Site "Internet Chess Club"]
[Date "2011.11.12"]
[Round "1"]
[White "JustinL"]
[Black "Philly-Boy"]
[Result "0-1"]
[WhiteElo "1756"]
[BlackElo "1926"]
[Opening "Scandinavian defense"]
[ECO "B01"]
[Time "16:16:54"]
[TimeControl "2700+45"]

1. e4 d5 2. exd5 Nf6 3. Nf3 Qxd5 4. d4 e6 5. c4 Qa5+ 6. Bd2 Bb4 7. Nc3 c5 8. a3
Bxc3 9. Bxc3 Qc7 10. d5 exd5 11. Bxf6 gxf6 12. cxd5 Qa5+ 13. Qd2 Qxd2+ 14. Nxd2
Bf5 15. Bb5+ Nd7 16. O-O-O a6 17. Rhe1+ Kd8 18. Bxd7 Kxd7 19. Nc4 Rae8 20. Nb6+
Kc7 21. Nc4 b5 22. d6+ Kc6 23. Ne3 Be6 24. f4 f5 25. h3 Rhg8 26. Rd2 Rd8 27. g4
fxg4 28. f5 Bc8 29. Nxg4 Rxd6 30. Ne5+ Kc7 31. Rxd6 Kxd6 32. Nxf7+ Kc6 33. Rd1
Bxf5 34. Nh6 Rg5 35. Nf7 Rh5 36. Rd6+ Kb7 37. Rd5 Bg6 38. Ne5 Rxh3 39. Rxc5 Be4
40. Nf7 Kb6 41. Re5 Bg6 42. Nd6 Rh5 43. Re7 Rc5+ 44. Kd2 Rd5+ {White resigns}
0-1

[Event "Team 45 45 League T51"]
[Site "Internet Chess Club"]
[Date "2011.11.11"]
[Round "1"]
[White "playwaycool"]
[Black "King-Ghost"]
[Result "0-1"]
[WhiteElo "2113"]
[BlackElo "2131"]
[Opening "QGD: Chigorin defense"]
[ECO "D07"]
[Time "19:00:57"]
[TimeControl "2700+45"]

1. d4 d5 2. c4 Nc6 3. e3 e5 4. dxe5 Nxe5 5. cxd5 Nf6 6. Nc3 Bc5 7. Be2 O-O 8.
Nf3 Qe7 9. O-O Bf5 10. Qa4 Nxf3+ 11. Bxf3 Bd6 12. Nb5 Bd7 13. Qb3 Bxb5 14. Qxb5
Qe5 15. g3 Qf5 16. Kg2 c6 17. Qb3 cxd5 18. Rd1 b6 19. Bxd5 Rad8 20. Bf3 Bb8 21.
Bd2 Rfe8 22. Bc3 Rc8 23. a4 Be5 24. Rac1 Bxc3 25. Rxc3 g5 26. Qb5 Qxb5 27. axb5
Rcd8 28. Ra1 Re7 29. Rca3 Rd2 30. Rxa7 Rxa7 31. Rxa7 Rxb2 32. Bc6 Ng4 33. Rb7
Rxf2+ 34. Kg1 Rxh2 35. Rxb6 Rb2 36. Rb8+ Kg7 37. b6 Rb1+ 38. Kg2 Rb2+ 39. Kg1
Rb1+ 40. Kg2 Rb2+ 41. Kf1 Nxe3+ 42. Ke1 Nc2+ 43. Kd2 Nb4+ 44. Kc3 Nxc6 45. Kxb2
Nxb8 46. Kc3 f5 47. Kd4 h5 48. Ke5 Kg6 49. Kd6 h4 50. gxh4 gxh4 51. b7 h3 52.
Kc7 h2 53. Kxb8 h1=Q 54. Kc8 Qxb7+ 55. Kxb7 f4 {White resigns} 0-1

[Event "Team 45 45 League T51"]
[Site "Internet Chess Club"]
[Date "2011.11.10"]
[Round "1"]
[White "LittleWarrior"]
[Black "ferrari9182"]
[Result "1/2-1/2"]
[WhiteElo "1926"]
[BlackElo "1927"]
[Opening "King's Indian: orthodox, Aronin-Taimanov, bayonet attack"]
[ECO "E97"]
[Time "20:00:45"]
[TimeControl "2700+45"]

1. Nf3 Nf6 2. c4 g6 3. Nc3 Bg7 4. e4 d6 5. d4 O-O 6. Be2 e5 7. O-O Nc6 8. d5 Ne7
9. b4 a5 10. Ba3 Nd7 11. Nd2 f5 12. c5 axb4 13. Bxb4 dxc5 14. Qb3 cxb4 15. d6+
Kh8 16. dxe7 Qxe7 17. Nd5 Qd8 18. Qxb4 c6 19. Nc3 Qb6 20. a3 Qxb4 21. axb4 Rxa1
22. Rxa1 Nf6 23. Nc4 fxe4 24. Ra7 Nd5 25. Nxe4 Nxb4 26. Nb6 Bf5 27. Nd6 Nd5 28.
Rxb7 Kg8 29. Nxf5 gxf5 30. Bc4 Rd8 31. Rc7 Kf8 32. Rxc6 Nf4 33. Rc8 Rxc8 34.
Nxc8 Ng6 35. f3 Bh6 36. Kf2 Kg7 37. Nd6 Kf6 38. Bd3 Ne7 39. h4 Ke6 40. Nc4 Kd5
41. Ke2 Kd4 42. Nd6 e4 43. fxe4 fxe4 44. Nxe4 Nd5 45. g3 Bc1 46. Bb1 h6 47. Kf3
Nc3 48. Nxc3 Kxc3 49. Kg4 Kd4 50. Kf5 Kc5 {Game drawn by mutual agreement}
1/2-1/2

[Event "Team 45 45 League T51"]
[Site "Internet Chess Club"]
[Date "2011.11.14"]
[Round "1"]
[White "McKnights"]
[Black "UsuallySleepy"]
[Result "0-1"]
[WhiteElo "1900"]
[BlackElo "1934"]
[Opening "French: exchange variation"]
[ECO "C01"]
[Time "20:30:28"]
[TimeControl "2700+45"]

1. e4 e6 2. d4 d5 3. exd5 exd5 4. Nf3 Bd6 5. Bd3 Nc6 6. Nc3 Nge7 7. O-O O-O 8.
Bg5 f6 9. Bh4 Bg4 10. Be2 Nf5 11. Nb5 Bxf3 12. Bxf3 Nxh4 13. Bxd5+ Kh8 14. Qh5
Ng6 15. Be4 Nce7 16. Rae1 c6 17. Nc3 Bc7 18. Re3 Bf4 19. Rh3 Bh6 20. Rd1 Nf4 21.
Qf3 Nxh3+ 22. Qxh3 Ng6 23. Ne2 Re8 24. Ng3 Re7 25. f3 Qe8 26. Nf5 Nf4 27. Qg4
Rxe4 28. fxe4 Qxe4 29. Nxh6 gxh6 30. Kf2 Rg8 31. Qxg8+ Kxg8 32. Rd2 Qxg2+ 33.
Ke3 Nd5+ 34. Kd3 Qxd2+ 35. Kxd2 b5 36. Kd3 Kg7 37. a3 Kg6 38. b3 Kf5 39. c4
bxc4+ 40. Kxc4 Ke4 41. Kc5 f5 42. a4 f4 43. b4 f3 44. Kxc6 Nxb4+ 45. Kc5 a5 46.
Kb5 f2 47. Kxa5 f1=Q 48. Kxb4 Qd3 49. h3 Qxd4+ 50. Kb5 Qa7 51. h4 Kd5 52. a5 Kd6
53. h5 Kc7 54. a6 Kd6 55. Ka5 Kc6 56. Kb4 Qxa6 57. Kc3 Qe2 58. Kd4 Kd6 59. Kc3
Qe4 60. Kd2 Qf3 61. Kc2 Qe3 62. Kb2 Qd3 63. Kc1 Qe2 64. Kb1 Kc5 65. Kc1 Kb4 66.
Kb1 Kb3 67. Kc1 Qc2# {White checkmated} 0-1